 Dungeon Crawl Stone Soup version 0.27-a0-93-g19769c27d7 (webtiles) character file.

Game seed: 16292599152139033019

6672 PentaManta the Slinger (level 11, -12/77 HPs)
             Began as a Halfling Hunter on Jan 5, 2021.
             Was a High Priest of Okawaru.
             Mangled by an ettin
             ... wielding a +0 dire flail
              (18 damage)
             ... on level 9 of the Dungeon on Jan 17, 2021.
             The game lasted 00:29:38 (12181 turns).

PentaManta the Slinger (Halfling Hunter)           Turns: 12181, Time: 00:29:39

Health: -12/77     AC: 11    Str: 16    XL:     11   Next: 23%
Magic:  11/11      EV: 21    Int:  9    God:    Okawaru [*****.]
Gold:   686        SH:  0    Dex: 16    Spells: 10/10 levels left

rFire    . . .     SeeInvis +   a - +2 hunting sling
rCold    . . .     Faith    .   (shield restricted)
rNeg     . . .     Spirit   .   G - +3 scale mail
rPois    .         Reflect  .   (no helmet)
rElec    .         Harm     .   (no cloak)
rCorr    .         Rampage  .   (no gloves)
Will     .....                  (no boots)
Stlth    ..........             (no amulet)
HPRegen  0.22/turn              p - ring of see invisible
MPRegen  0.12/turn              F - +4 ring of evasion

@: no status effects
A: small, mutation resistance 1
a: Renounce Religion, Heroism, Finesse


You were on level 9 of the Dungeon.
You worshipped Okawaru.
Okawaru was extremely pleased with you.
You visited 4 branches of the dungeon, and saw 12 of its levels.
You also visited: Sewer and Ossuary.

You collected 686 gold pieces.

Inventory:

Hand Weapons
 a - a +2 hunting sling (weapon)
 k - a +1 dagger of venom
 n - a +1 short sword of electrocution
Missiles
 d - 96 sling bullets (quivered ammo)
 e - 238 stones
 v - 37 poisoned darts
Armour
 l - a scarf of shadows
 r - a +1 chain mail
 B - a +0 plate armour
 G - a +3 scale mail (worn)
Jewellery
 g - an uncursed ring of ice
 o - a +6 ring of strength
 p - a ring of see invisible (left hand)
 y - an uncursed ring of willpower
 F - a +4 ring of evasion (right hand)
Wands
 f - a wand of disintegration (17)
 x - a wand of paralysis (14)
Scrolls
 c - a scroll of fear
 q - 6 scrolls of teleportation
 s - 7 scrolls of remove curse
 D - a scroll of enchant armour
Potions
 b - 3 potions of brilliance {unknown}
 h - 2 potions of lignification
 i - 5 potions of might
 j - a potion of flight
 t - 2 potions of haste
 u - 10 potions of curing
 w - a potion of resistance
 z - 2 potions of magic
 C - a potion of attraction {unknown}


   Skills:
 + Level 7.9 Fighting
 - Level 11.4(12.0) Slings
 - Level 3.9(6.5) Throwing
 + Level 9.8 Armour
 - Level 8.1 Dodging
 - Level 1.1 Stealth


You had 10 spell levels left.
You didn't know any spells.
Your spell library was empty.

Dungeon Overview and Level Annotations

Branches:
Dungeon (9/15)             Temple (1/1) D:4            Lair (1/6) D:8
    Orc (1/2) D:9           Sewer (visited)         Ossuary (visited)

Altars:
Ashenzari
Cheibriados
Dithmenos
Elyvilon
Fedhas
Gozag
Hepliaklqana
Kikubaaqudgha
Makhleb
Nemelex Xobeh
Okawaru
Qazlal
Ru
Sif Muna
Trog
Uskayaw
Vehumet
Wu Jian
Xom
Yredelemnul
Zin
The Shining One


Innate Abilities, Weirdness & Mutations

You are small and have problems with some larger weapons.
You are somewhat resistant to further mutation.


Message History

Really attack while wielding your +2 hunting sling? [Y]es or [N]o only, please.
Really attack while wielding your +2 hunting sling? [Y]es or [N]o only, please.
Really attack while wielding your +2 hunting sling?
Okay, then.
Unknown command.
You are too injured to fight recklessly!
You are too injured to fight recklessly!
You are too injured to fight recklessly!
You are too injured to fight recklessly!
Saving game... please wait.
Welcome back, PentaManta the Halfling Hunter.
Okawaru says: Bring me glory in combat!
Press ? for a list of commands and other information.
You feel better. The jackal misses you.
The ettin hits you with a +0 dire flail!
* * * LOW HITPOINT WARNING * * *
The ettin hits you with a +0 dire flail!!
You die...

.........# #########
.........# #........
.........# #........
.........#######........
.........'....##........
......h..####...........
......Yhh# ####........
#######C## ###|#####
#..h@# #....## #..####
####..# #. ######.# #
#(...... ####.......
#.......... #..##.......
.... #....)>. .##
#...))).


You could see an ettin, a sky beast and 4 jackals.

Vanquished Creatures
  A two-headed ogre (D:8)
  A cyclops (Orc:1)
  Psyche (D:8)
  A cane toad (Lair:1)
  A hornet (D:8)
  A wraith (D:9)
  The ghost of paps the Poker, an amateur DsMo (D:3)
  A steam dragon (D:8)
  A warg (Orc:1)
  Menkaure (D:4)
  3 water moccasins
  9 orc warriors
  4 ice beasts
  4 ogres
  3 phantoms
  A centaur (D:6)
  An elf zombie (Ossuary)
  4 big kobolds
  A gnoll sergeant (D:9)
  A bullfrog (D:3)
  A wyvern zombie (D:7)
  2 scorpions
  5 howler monkeys
  A bullfrog zombie (D:5)
  3 hounds
  4 orc priests
  3 jellies
  2 bullfrog skeletons
  A centaur skeleton (D:9)
  5 orc wizards
  An iguana (D:8)
  8 worker ants
  A killer bee zombie (D:8)
  3 mummies (Ossuary)
  11 gnolls
  6 adders
  5 river rats
  A shadow imp (D:5)
  A white imp (D:8)
  An ufetubus (D:5)
  4 oozes
  An adder skeleton (D:9)
  3 adder zombies
  A worm (D:2)
  3 dart slugs
  10 leopard geckos
  33 orcs
  4 ball pythons (Sewer)
  8 giant cockroaches
  6 goblins
  7 hobgoblins
  7 jackals
  5 quokkas
  15 bats
  5 frilled lizards
  A goblin zombie (Ossuary)
  6 hobgoblin zombies (Ossuary)
  32 kobolds
  6 kobold zombies (Ossuary)
  2 quokka zombies
  11 rats
  A rat zombie (Ossuary)
277 creatures vanquished.

Vanquished Creatures (others)
  13 plants
13 creatures vanquished.

Grand Total: 290 creatures vanquished

Notes
Turn   | Place    | Note
-------+----------+-------------------------------------------
     0 | D:1      | PentaManta the Halfling Hunter began the quest for the Orb.
     0 | D:1      | Reached XP level 1. HP: 14/14 MP: 1/1
    48 | D:1      | Reached skill level 1 in Throwing
    94 | D:1      | Reached XP level 2. HP: 19/19 MP: 2/2
   334 | D:1      | Reached XP level 3. HP: 24/24 MP: 3/3
  1354 | D:2      | Reached skill level 6 in Slings
  1354 | D:2      | Reached XP level 4. HP: 6/29 MP: 4/4
  2460 | D:3      | Reached XP level 5. HP: 34/34 MP: 5/5
  2512 | D:3      | Found a runed translucent door.
  2512 | D:3      | Noticed a bullfrog
  2513 | D:3      | Noticed paps's ghost (amateur DsMo)
  2636 | D:3      | Found a runed translucent door.
  3141 | D:4      | Found a staircase to the Ecumenical Temple.
  3183 | D:4      | Reached skill level 7 in Slings
  3210 | Temple   | Entered the Ecumenical Temple
  3406 | Temple   | Became a worshipper of Warmaster Okawaru
  3490 | D:4      | Reached XP level 6. HP: 33/39 MP: 6/6
  3603 | D:4      | Found a glowing drain.
  3610 | D:4      | Reached skill level 8 in Slings
  3641 | Sewer    | Entered a sewer
  3712 | Sewer    | Reached skill level 9 in Slings
  3739 | Sewer    | Reached XP level 7. HP: 23/44 MP: 7/7
  4293 | D:4      | Reached skill level 10 in Slings
  4321 | D:4      | Noticed Menkaure
  4335 | D:4      | Killed Menkaure
  4335 | D:4      | Reached * piety under Okawaru
  4724 | D:4      | Reached skill level 11 in Slings
  5158 | D:4      | Found a shimmering altar of Xom.
  5165 | D:4      | Found an opulent altar of Gozag.
  5178 | D:4      | Reached XP level 8. HP: 45/49 MP: 8/8
  5213 | D:4      | Found a snail-covered altar of Cheibriados.
  5220 | D:4      | Found a white marble altar of Elyvilon.
  5225 | D:4      | Found a sparkling altar of Nemelex Xobeh.
  5236 | D:4      | Found a bloodstained altar of Trog.
  5243 | D:4      | Found a hide-covered altar of Uskayaw.
  5335 | D:5      | Entered Level 5 of the Dungeon
  5472 | D:5      | Reached skill level 1 in Armour
  5660 | D:5      | Found a sand-covered staircase.
  5669 | Ossuary  | Entered an ossuary
  6263 | D:5      | Reached ** piety under Okawaru
  6608 | D:5      | Found a blossoming altar of Fedhas.
  7290 | D:3      | Reached XP level 9. HP: 54/57 MP: 9/9
  7300 | D:3      | Killed paps's ghost
  7841 | D:6      | Reached skill level 5 in Armour
  8267 | D:7      | Reached skill level 5 in Dodging
  9499 | D:8      | Noticed Psyche
  9507 | D:8      | Killed Psyche
  9507 | D:8      | Reached *** piety under Okawaru
  9508 | D:8      | Reached skill level 5 in Fighting
  9508 | D:8      | Reached XP level 10. HP: 66/66 MP: 10/10
  9533 | D:8      | Noticed a two-headed ogre
  9593 | D:8      | Killed a two-headed ogre
  9593 | D:8      | Reached **** piety under Okawaru
  9828 | D:8      | Found a staircase to the Lair.
 10082 | D:8      | Received a gift from Okawaru
 10331 | D:8      | Found a sparkling altar of Nemelex Xobeh.
 10500 | Lair:1   | Entered Level 1 of the Lair of Beasts
 10500 | Lair:1   | Found a blossoming altar of Fedhas.
 10500 | Lair:1   | Noticed a cane toad
 10530 | Lair:1   | Killed a cane toad
 10545 | Lair:1   | Noticed a komodo dragon
 10576 | Lair:1   | Paralysed by a hornet for 3 turns
 10585 | D:8      | Paralysed by a hornet for 2 turns
 10909 | D:9      | Found a shadowy altar of Dithmenos.
 10932 | D:9      | Reached ***** piety under Okawaru
 11102 | D:9      | Found an ancient bone altar of Kikubaaqudgha.
 11185 | D:9      | Reached XP level 11. HP: 62/75 MP: 11/11
 11221 | D:9      | HP: 3/75 [orc priest/divine providence (12)]
 11330 | D:9      | Found a staircase to the Orcish Mines.
 11367 | D:9      | Received a gift from Okawaru
 11611 | Orc:1    | Entered Level 1 of the Orcish Mines
 11611 | Orc:1    | Noticed a cyclops
 11630 | Orc:1    | Killed a cyclops
 11896 | Orc:1    | Found a burning altar of Makhleb.
 11964 | Orc:1    | Noticed an ettin
 12049 | Orc:1    | Found a flagged portal.
 12181 | D:9      | Upgraded the game from 0.27-a0-40-g5f2be0e231 to
                  | 0.27-a0-93-g19769c27d7
 12181 | D:9      | Mangled by an ettin

Illustrated notes

Levels and vault maps discovered:
D:1:      matt_arrival_refuge, layout_basic
D:2:      layout_loops_corners, kennysheep_big_empty_room
D:3:      layout_loops_ring, ebering_ghost_sewer_f
D:4:      layout_loops_ring, grunt_temple_overflow_octagram,
          minmay_temple_entry_tees, portal_sewer_entry_b,
          lexackson_kobold_supper, uniq_menkaure
D:5:      cheibrodos_iron_armory, layout_basic, nicolae_ossuary_entry_ruins,
          serial_co_window_serial, co_window_paths_a, co_window_paths_b,
          co_window_corner_a, co_window_paths_a, co_window_of_opportunity_a,
          co_window_paths_b, co_window_corner_a, co_window_paths_b,
          co_window_corner_a, co_window_corner_b, co_window_paths_c,
          co_window_cross_3, co_window_of_opportunity_b,
          co_window_of_opportunity_c, co_window_corner_ca,
          co_window_unsneaky_path_a, glass_columns_a, fedhas_ov_isle_minmay
D:6:      wander_river, layout_loops_cross
D:7:      layout_basic
D:8:      layout_gridville, lair_entry_dummy, nemelex_xobeh_ov_fountains_minmay,
          uniq_psyche
D:9:      layout_roguey, david_orc_4, serial_shops, nicolae_shop_crystal,
          hangedman_feature_mirror
Temple:   regret_index_temple_waves
Lair:1:   layout_regular_city, basic_altar
Orc:1:    layout_caves, basic_altar, enter_bailey_2

Skill      XL: |  1  2  3  4  5  6  7  8  9 10 |
---------------+-------------------------------+-----
Throwing       | 1 2 3 |  3.9
Slings         | 6 7 9 11 | 11.4
Fighting       | 3 5 7 |  7.9
Armour         | 4 6 9 |  9.8
Dodging        | 4 6 8 |  8.1
Stealth        | |  1.1

Action                   |  1- 3 |  4- 6 |  7- 9 | 10-12 || total
-------------------------+-------+-------+-------+-------++-------
 Fire: Hunting sling     |   100 |   198 |   595 |   462 ||  1355
Throw: Dart              |       |       |     4 |    13 ||    17
       Throwing net      |       |       |       |     2 ||     2
Evoke: Wand              |       |       |       |     1 ||     1
  Use: Potion            |     1 |     2 |     1 |     4 ||     8
       Scroll            |       |     6 |    11 |     3 ||    20
Armor: Leather armour    |     5 |       |       |       ||     5
       Ring mail         |     4 |     7 |       |       ||    11
       Chain mail        |       |    12 |    47 |     9 ||    68
       Scale mail        |       |       |       |    32 ||    32
Dodge: Dodged            |    22 |    45 |    95 |   201 ||   363

Table legend: (Time is in decaauts)
 A = Elapsed time spent in this place.
 B = Non-inter-level travel time spent in this place.
 C = Inter-level travel time spent in this place.
 D = Time resting spent in this place.
 E = Time spent auto-exploring this place.
 F = Levels seen in this place.
 G = Mean time per level.
                   A        B        C        D        E       F      G
               +--------+--------+--------+--------+--------+-----+--------+
         Total |  11769 |  11247 |    522 |     20 |   8749 |  14 |  840.6 |
       Dungeon |  10060 |   9555 |    505 |     17 |   7634 |   9 | 1117.8 |
        Temple |    279 |    262 |     17 |      0 |    258 |   1 |  279.0 |
          Lair |     73 |     73 |      0 |      0 |      0 |   1 |   73.0 |
  Orcish Mines |    485 |    485 |      0 |      3 |    236 |   1 |  485.0 |
         Sewer |    500 |    500 |      0 |      0 |    362 |   1 |  500.0 |
       Ossuary |    370 |    370 |      0 |      0 |    259 |   1 |  370.0 |
               +--------+--------+--------+--------+--------+-----+--------+

Top non-repeatable levels by time:
     D:8: 1537 daAuts
     D:4: 1483 daAuts
     D:5: 1370 daAuts
     D:2: 1225 daAuts
     D:1: 1139 daAuts
     D:7: 1013 daAuts
     D:3: 877 daAuts
     D:9: 734 daAuts
     D:6: 678 daAuts
   Sewer: 500 daAuts
   Orc:1: 485 daAuts
 Ossuary: 370 daAuts
  Temple: 279 daAuts
  Lair:1: 73 daAuts
